AoeStats
← EMPEROR98265292

Fortress

508244338Analyzed
4v4 RM · 11d ago on Sep 21, 2026· 76m 39s· 8 players
Game mode
Random Map
Map size
Huge
Population
200
Speed
Normal
Resources
Standard
Victory
Conquest
Starting age
Dark Age
Ending age
Imperial Age
RankedLock teamsTeams togetherTeam positionsShared explorationLock speedFull tech treeHidden civsTurbo modeCheats
Victory
Defeat
🇨🇳 Georgians · China
1627
+12
🇦🇹 Cumans · Austria
1552
+15
🇫🇷 Spanish · France
1499
+17
🇩🇪 Ethiopians · Germany
1489
+19
🇬🇧 Vietnamese · United Kingdom
1583
-17
🇮🇳 Mongols · India
1564
-17
🇮🇳 Mapuche · India
1512
-15
🇮🇳 Persians · India
1483
-14
Rest in Pieces
7:26 Feudal Age
11:16 Castle Age
9:58 Double-Bit Axe
10:21 Horse Collar
12:40 Bow Saw
12:40 Capped Ram
15:58 Fletching
16:25 Loom
24:19 Wheelbarrow
24:09 Town Watch
29:58 Imperial Age
28:17 Heavy Plow
28:47 Pikeman
29:28 Scale Mail Armor
30:24 Squires
31:04 Chain Mail Armor
30:22 Halberdier
31:14 Forging
32:34 Man-at-Arms
32:59 Arson
34:09 Plate Mail Armor
33:22 Long Swordsman
34:35 Hand Cart
34:07 Two-Handed Swordsman
34:56 Champion
36:37 Iron Casting
39:14 Blast Furnace
40:06 Conscription
40:00 Caravan
41:20 Onager
43:27 Siege Onager
51:26 Coinage
61:15 Scale Barding Armor
63:33 Bloodlines
62:43 Cavalier
63:45 Chain Barding Armor
64:10 Banking
65:01 Plate Barding Armor
64:04 Paladin
70:12 Siege Ram
71:44 Hand Cart
72:01 Spies/Treason
75:20 Two-Man Saw
Jambonbeurre
6:22 Feudal Age
11:00 Castle Age
9:13 Double-Bit Axe
20:30 Bow Saw
22:59 Horse Collar
24:21 Wheelbarrow
24:37 Heavy Plow
25:01 Gold Mining
28:37 Imperial Age
26:13 Loom
26:45 Scale Barding Armor
26:50 Forging
27:32 Bloodlines
28:43 Chain Barding Armor
28:58 Iron Casting
29:18 Husbandry
28:46 Cavalier
33:45 Hand Cart
34:16 Plate Barding Armor
35:02 Blast Furnace
34:33 Paladin
36:32 Caravan
37:00 Stone Mining
44:54 Conscription
51:39 Fletching
51:53 Elite Conquistador
54:19 Ballistics
55:00 Chemistry
59:48 Capped Ram
60:51 Siege Ram
74:57 Spies/Treason
Baron von Kissalot
7:25 Feudal Age
11:07 Castle Age
9:15 Double-Bit Axe
10:45 Scale Mail Armor
10:35 Horse Collar
11:00 Loom
11:59 Squires
16:46 Bow Saw
20:50 Wheelbarrow
20:16 Fletching
21:07 Heavy Plow
23:43 Sanctity
25:51 Crossbowman
27:14 Gold Mining
27:52 Stone Mining
29:43 Town Watch
30:40 Ballistics
30:22 Bodkin Arrow
33:39 Imperial Age
31:50 Bodkin Arrow
32:53 Gold Shaft Mining
32:44 Padded Archer Armor
33:03 Masonry
33:46 Leather Archer Armor
33:49 Thumb Ring
34:29 Bracer
34:19 Arbalester
36:29 Ring Archer Armor
37:11 Chemistry
37:08 Conscription
39:26 Architecture
39:43 Stone Shaft Mining
42:52 Chain Mail Armor
44:11 Two-Man Saw
43:21 Caravan
44:48 Plate Mail Armor
44:29 Forging
44:48 Siege Engineers
45:17 Halberdier
50:15 Iron Casting
53:05 Coinage
55:12 Blast Furnace
54:37 Murder Holes
59:27 Capped Ram
60:57 Elite Skirmisher
62:54 Hand Cart
62:40 Town Patrol
63:03 Sappers
65:52 Fervor
75:11 Spies/Treason
Marlin
2:46 Loom
7:53 Feudal Age
8:34 Horse Collar
11:42 Castle Age
10:02 Double-Bit Axe
9:58 Horse Collar
13:10 Bow Saw
18:25 Wheelbarrow
18:26 Scale Barding Armor
19:45 Forging
22:01 Heavy Plow
26:52 Imperial Age
24:45 Hand Cart
24:19 Loom
24:45 Squires
24:46 Scale Mail Armor
26:16 Iron Casting
25:57 Chain Mail Armor
25:31 Town Watch
26:34 Chain Mail Armor
26:11 Arson
25:48 Pikeman
27:34 Chain Barding Armor
29:02 Blast Furnace
27:43 Halberdier
29:40 Conscription
29:51 Plate Mail Armor
30:58 Plate Barding Armor
31:21 Fletching
32:45 Ballistics
32:36 Padded Archer Armor
32:44 Svan Towers
33:35 Bodkin Arrow
33:54 Masonry
34:01 Bloodlines
33:52 Husbandry
34:54 Chemistry
34:34 Gold Mining
34:35 Stone Mining
35:32 Elite Monaspa
36:50 Guard Tower
38:10 Bracer
39:25 Keep
38:36 Arrowslits
40:37 Hoardings
40:43 Architecture
40:18 Treadmill Crane
40:34 Murder Holes
42:20 Fortified Wall
45:37 Light Cavalry
46:34 Leather Archer Armor
47:16 Crop Rotation
47:25 Stone Shaft Mining
48:08 Aznauri Cavalry
51:53 Gambesons
51:54 Arson
56:31 Hussar
61:55 Elite Skirmisher
65:23 Town Patrol
65:29 Caravan
66:15 Spies/Treason
69:47 Capped Ram
70:37 Siege Ram
Frankie Fast Hands
8:18 Feudal Age
11:55 Castle Age
9:47 Double-Bit Axe
9:45 Horse Collar
10:31 Gold Mining
13:43 Bow Saw
16:54 Loom
18:53 Fletching
21:20 Wheelbarrow
20:59 Padded Archer Armor
21:10 Bodkin Arrow
24:16 Hand Cart
26:00 Stone Mining
26:58 Leather Archer Armor
26:44 Scale Mail Armor
26:54 Forging
30:14 Imperial Age
28:21 Ballistics
29:24 Chain Mail Armor
29:45 Iron Casting
29:26 Squires
30:50 Stone Shaft Mining
30:30 Town Watch
30:18 Elite Fire Lancer
31:34 Plate Mail Armor
31:05 Bracer
32:09 Chemistry
30:35 Capped Ram
32:32 Two-Man Saw
32:28 Ring Archer Armor
32:37 Elite Rattan Archer
33:40 Paper Money
35:09 Hoardings
36:41 Scale Barding Armor
38:37 Pikeman
39:12 Halberdier
41:10 Bloodlines
41:01 Husbandry
40:24 Elite Battle Elephant
42:05 Chain Barding Armor
43:34 Chatras
44:34 Plate Barding Armor
47:14 Light Cavalry
EMPEROR98265292
8:26 Feudal Age
12:12 Castle Age
14:34 Forging
14:22 Loom
24:24 Double-Bit Axe
25:39 Fletching
27:40 Horse Collar
28:33 Malon
29:47 Bodkin Arrow
29:53 Padded Archer Armor
32:41 Ballistics
34:22 Leather Archer Armor
37:53 Imperial Age
38:02 Imperial Age
38:31 Elite Bolas Rider
40:32 Chemistry
50:14 Bow Saw
51:41 Ring Archer Armor
51:17 Elite Skirmisher
68:47 Elite Skirmisher
Sanskari Ladka
6:51 Feudal Age
10:59 Castle Age
9:38 Double-Bit Axe
9:34 Horse Collar
10:29 Fletching
10:41 Padded Archer Armor
11:42 Wheelbarrow
11:42 Loom
13:30 Bow Saw
14:19 Bodkin Arrow
28:48 Ballistics
33:51 Fortified Wall
38:08 Imperial Age
38:16 Imperial Age
36:03 Hand Cart
36:55 Gold Mining
36:56 Stone Mining
37:39 Thumb Ring
38:26 Bloodlines
38:17 Husbandry
38:52 Leather Archer Armor
38:57 Bracer
39:59 Chemistry
38:45 Elite Mangudai
39:47 Conscription
39:45 Leather Archer Armor
44:08 Heavy Plow
48:26 Caravan
51:48 Parthian Tactics
AP
8:02 Feudal Age
7:03 Loom
11:41 Castle Age
9:46 Double-Bit Axe
9:43 Horse Collar
12:18 Wheelbarrow
13:40 Bow Saw
18:30 Scale Barding Armor
22:31 Forging
22:47 Heavy Plow
24:08 Town Watch
24:39 Hand Cart
25:05 Husbandry
28:20 Imperial Age
26:05 Bloodlines
26:48 Chain Barding Armor
27:45 Iron Casting
27:56 Cavalier
29:12 Plate Barding Armor
29:48 Blast Furnace
29:38 Savar
33:08 Conscription
35:59 Fletching
47:38 Heavy Camel Rider
60:55 Masonry
60:39 Guard Tower
62:55 Architecture
Connection lost

Rejoining the realm…

Still unreachable

The connection could not be restored.

Session expired

The server has moved on; the page needs a fresh start.